 Dungeon Crawl Stone Soup version 0.28-a0-1524-ge72afd5fc6 (webtiles) character file.

Game seed: 7237648762627320197

704 HallandMoats the Skirmisher (level 7, -11/61 HPs)
             Began as a Ghoul Fighter on Jan 18, 2022.
             Was a Priest of Makhleb.
             Killed by an exploding black bear (23 damage)
             ... ignited by their inner flame
             ... on level 5 of the Dungeon.
             The game lasted 00:09:49 (4416 turns).

HallandMoats the Skirmisher (Ghoul Fighter)         Turns: 4416, Time: 00:09:49

Health: -11/61     AC:  9    Str: 18 (20) XL:     7   Next: 66%
Magic:  0/8        EV:  9    Int:  2 (5)  God:    Makhleb [***...]
Gold:   173        SH:  4    Dex: 11 (14) Spells: 6/6 levels left

rFire   . . .      SeeInvis .   b - +3 hand axe
rCold   + . .      Faith    .   c - +0 buckler
rNeg    + + +      Spirit   +   p - +0 scale mail
rPois   ∞          Reflect  .   q - +0 helmet
rElec   .          Harm     .   e - +0 cloak
rCorr   .          Rampage  .   (no gloves)
Will    .....                   (no boots)
Stlth   ..........              h - amulet of guardian spirit
HPRegen 0.20/turn               n - +6 ring of dexterity
MPRegen 0.11/turn               (no ring)

@: no status effects
A: claws 1, cold resistance 1, negative energy resistance 3, inhibited
regeneration, torment resistance 2
a: Renounce Religion, Minor Destruction, Lesser Servant of Makhleb


You were on level 5 of the Dungeon.
You worshipped Makhleb.
Makhleb was most pleased with you.
You visited 1 branch of the dungeon, and saw 5 of its levels.

You collected 173 gold pieces.

Inventory:

Hand Weapons
 a - a +0 long sword
 b - a +3 hand axe (weapon)
Missiles
 j - a throwing net (quivered)
Armour
 c - a +0 buckler (worn)
 e - a +0 cloak (worn)
 p - a +0 scale mail (worn)
 q - a +0 helmet (worn)
Jewellery
 h - an amulet of guardian spirit (around neck)
 n - a +6 ring of dexterity (left claw)
Scrolls
 g - a scroll of immolation
 r - 3 scrolls of identify
Potions
 l - 2 potions of attraction
 s - a potion of resistance


   Skills:
 * Level 5.3 Fighting
 * Level 3.8 Long Blades
 + Level 3.6 Armour
 + Level 2.2 Dodging
 + Level 3.7 Shields
 * Level 3.6 Invocations


You had 6 spell levels left.
You didn't know any spells.
Your spell library contained the following spells:

 Spells                   Type           Power      Damage    Failure   Level
 Foxfire                  Conj/Fire      0%         2x1d4     95%         1
 Blink                    Tloc           0%         N/A       99%         2
 Lesser Beckoning         Tloc           0%         N/A       100%        3
 Freezing Cloud           Conj/Ice/Air   0%         6-21      100%        5
 Manifold Assault         Tloc           0%         N/A       100%        5
 Simulacrum               Ice/Necr       0%         N/A       100%        6
 Polar Vortex             Ice            0%         N/A       100%        9


Dungeon Overview and Level Annotations

Branches:
Dungeon (5/15)             Temple (0/1) D:4

Altars:
Gozag
Makhleb
Nemelex Xobeh
Sif Muna
Trog

Shops:
D:4 *

Annotations:
D:5 2 runed translucent doors, Grinder; Thraspic's ghost, weakling GnDe


Innate Abilities, Weirdness & Mutations

You thrive by killing the living.
You are immune to poison.
You have sharp fingernails.
Your flesh is cold resistant. (rC+)
You are immune to negative energy. (rN+++)
You do not regenerate when monsters are visible.
You are immune to unholy pain and torment.


Message History

The black bear barely misses your ynoxinul.
The black bear bites your ynoxinul. The black bear misses your ynoxinul.
The black bear closely misses your ynoxinul.
Your ynoxinul barely misses the black bear.
The black bear barely misses your ynoxinul.
The black bear claws your ynoxinul. x2; Your ynoxinul hits the black bear.
The black bear misses your ynoxinul. The black bear claws your ynoxinul.
The black bear barely misses your ynoxinul.
The black bear bites your ynoxinul! The black bear claws your ynoxinul.
Your ynoxinul dies!
Your ynoxinul disappears in a puff of smoke!
You don't have enough health at the moment.
Unknown command.
It was a potion of curing.
You feel better.
Okay, then.
Really read the scroll of immolation?
As you read the scroll of immolation, it crumbles to dust.
The creatures around you are filled with an inner flame!
The black bear rages.
You closely miss the black bear.
The black bear is severely wounded.
Sigmund appears from thin air!
Reactivating autopickup.
The black bear bites you but does no damage.
The black bear claws you.
* * * LOW HITPOINT WARNING * * *
The black bear barely misses you. The black bear closely misses you.
The black bear claws you.
* * * LOW HITPOINT WARNING * * *
The black bear claws you but does no damage.
You hit the black bear.
Flame seeps out of the black bear.
The black bear is almost dead.
The black bear is engulfed in blazing flames.
Makhleb accepts your kill.
You feel better.
The black bear explodes!
The fiery explosion engulfs Sigmund!!
Makhleb accepts your kill.
You feel better. The fiery explosion engulfs you!!
You die...

# .## ..## ...#
...## #####
##..############@..#
##...........§○§..#
##.......#########
#.......# #
#.......# #K
#.......#
WK##.......#
+##........#
...........#


There were no monsters in sight!

Vanquished Creatures
  Sigmund (D:5)
  Edmund (D:4)
  2 black bears
  A scorpion (D:4)
  Crazy Yiuf (D:4)
  2 hounds (D:4)
  An iguana (D:3)
  Robin (D:3)
  A gnoll (D:3)
  8 adders
  A white imp (D:3)
  An ufetubus (D:4)
  3 worms
  3 dart slugs
  11 orcs
  6 endoplasms
  4 giant cockroaches
  16 goblins
  8 hobgoblins
  4 jackals (D:3)
  3 quokkas (D:1)
  8 ball pythons
  5 bats
  7 frilled lizards
  9 kobolds
  2 rats
110 creatures vanquished.

Vanquished Creatures (collateral kills)
  A sky beast (D:5)
1 creature vanquished.

Vanquished Creatures (others)
  A fungus (D:5)
  15 plants
16 creatures vanquished.

Grand Total: 127 creatures vanquished

Notes
Turn   | Place    | Note
-------+----------+-------------------------------------------
     0 | D:1      | HallandMoats the Ghoul Fighter began the quest for the Orb.
     0 | D:1      | Reached XP level 1. HP: 19/19 MP: 0/0
    59 | D:1      | Reached XP level 2. HP: 25/26 MP: 1/1
   359 | D:1      | Reached XP level 3. HP: 33/33 MP: 2/2
   368 | D:1      | Found a faded altar of an unknown god.
   372 | D:1      | Prayed at the altar of an unknown god.
   372 | D:1      | Became a worshipper of Makhleb the Destroyer
   372 | D:1      | Reached * piety under Makhleb
   895 | D:2      | Reached skill level 1 in Dodging
  1338 | D:3      | Reached XP level 4. HP: 40/40 MP: 3/3
  1354 | D:3      | Reached skill level 4 in Fighting
  1467 | D:3      | Reached ** piety under Makhleb
  1546 | D:3      | Found a sparkling altar of Nemelex Xobeh.
  1649 | D:3      | Reached skill level 1 in Invocations
  1844 | D:3      | Reached XP level 5. HP: 46/46 MP: 4/4
  1898 | D:3      | Found a bloodstained altar of Trog.
  2060 | D:3      | Found a shimmering blue altar of Sif Muna.
  2064 | D:3      | Got Sif Muna's Disquisition on the Blaze
  2122 | D:3      | Noticed Robin
  2150 | D:3      | Killed Robin
  2524 | D:4      | Reached *** piety under Makhleb
  2525 | D:4      | Reached XP level 6. HP: 53/53 MP: 6/6
  2573 | D:4      | Found a burning altar of Makhleb.
  2584 | D:4      | Found an opulent altar of Gozag.
  2671 | D:4      | Found Riotonet's General Store.
  2707 | D:4      | Found a runed translucent door.
  2708 | D:4      | Noticed Crazy Yiuf
  2884 | D:4      | Noticed Edmund
  2907 | D:4      | Killed Edmund
  2908 | D:4      | Reached XP level 7. HP: 45/60 MP: 3/8
  3121 | D:4      | Reached skill level 5 in Fighting
  3222 | D:4      | Found a staircase to the Ecumenical Temple.
  3468 | D:4      | Killed Crazy Yiuf
  3607 | D:5      | Entered Level 5 of the Dungeon
  3686 | D:5      | Noticed Grinder
  3769 | D:5      | HP: 3/61 [adder (1)]
  4369 | D:5      | Found a runed translucent gate.
  4369 | D:5      | Noticed Thraspic's ghost (weakling GnDe)
  4370 | D:5      | Found a runed translucent gate.
  4384 | D:5      | Noticed Sigmund
  4408 | D:5      | HP: 1/61 [black bear (3)]
  4415 | D:5      | HP: 1/61 [black bear (3)]
  4416 | D:5      | Killed Sigmund
  4416 | D:5      | Killed by an exploding black bear... ignited by their inner
                  | flame

Illustrated notes

Levels and vault maps discovered:
D:1:      psy_arrival_terrarium, layout_rooms,
          shapermc_ecumenical_altar_acropolis
D:2:      layout_basic, solitary_fountain, chequers_serial_rivers_micro_c,
          nicolae_elevator_lobby_plus
D:3:      layout_basic, nzn_overflow_gifts_of_might_and_magic,
          nemelex_spade_bored_becter, lexackson_kobold_supper, uniq_robin
D:4:      layout_gridville, gammafunk_temple_overflow_wave, temple_statues,
          serial_shops, shop, glass_columns_a, st_stairs_8,
          grunt_decor_resistance, uniq_crazy_yiuf_cottage, uniq_edmund
D:5:      layout_cave_pods, gammafunk_ghost_nasty_kobolds, uniq_grinder,
          uniq_sigmund

Skill      XL: |  1  2  3  4  5  6  7 |
---------------+----------------------+-----
Long Blades    | 2 3 |  3.8
Dodging        | 1 2 |  2.2
Fighting       | 4 5 |  5.3
Armour         | 3 |  3.6
Shields        | 3 |  3.7
Invocations    | 1 2 3 |  3.6

Action                   |  1- 3 |  4- 6 |  7- 9 || total
-------------------------+-------+-------+-------++-------
Melee: Long sword        |   106 |   134 |    34 ||   274
       Hand axe          |       |    95 |    24 ||   119
Invok: Lesser Servant of |       |       |     4 ||     4
  Use: Potion            |       |     3 |     3 ||     6
       Scroll            |       |       |    10 ||    10
Armor: Scale mail        |    53 |   137 |    62 ||   252
Dodge: Dodged            |    55 |   142 |    46 ||   243
Block: Buckler           |    19 |    70 |    17 ||   106

Table legend: (Time is in decaauts)
 A = Elapsed time spent in this place.
 B = Non-inter-level travel time spent in this place.
 C = Inter-level travel time spent in this place.
 D = Time resting spent in this place.
 E = Time spent auto-exploring this place.
 F = Levels seen in this place.
 G = Mean time per level.
                   A        B        C        D        E       F      G
               +--------+--------+--------+--------+--------+-----+--------+
         Total |   4542 |   4367 |    175 |    545 |   2815 |   5 |  908.4 |
       Dungeon |   4542 |   4367 |    175 |    545 |   2815 |   5 |  908.4 |
               +--------+--------+--------+--------+--------+-----+--------+

Top non-repeatable levels by time:
     D:4: 1239 daAuts
     D:3: 1113 daAuts
     D:5: 820 daAuts
     D:2: 809 daAuts
     D:1: 559 daAuts
